AoeStats
← MAVERICK

Oasis

510166554Analyzed
3v3 RM · 2d ago on Sep 29, 2026· 14m 26s· 6 players
Game mode
Random Map
Map size
Normal (6 player)
Population
200
Speed
Normal
Resources
Standard
Victory
Conquest
Starting age
Dark Age
Ending age
Imperial Age
RankedLock teamsTeams togetherTeam positionsShared explorationLock speedFull tech treeHidden civsTurbo modeCheats
Victory
Defeat
🇦🇷 Khmer · Argentina
1273
+13
🇫🇷 Ethiopians · France
1227
+15
🇦🇷 Japanese · Argentina
1001
+24
🇦🇷 Bohemians · Argentina
1204
-18
🇦🇷 Britons · Argentina
1201
-18
🇦🇷 Spanish · Argentina
1162
-16
VZ PITBULLBRA
6:24 Loom
8:52 Feudal Age
11:10 Town Watch
VZ | Awoken
6:36 Loom
9:26 Feudal Age
12:57 Forging
nahuelAOE2
5:36 Loom
9:22 Feudal Age
11:08 Man-at-Arms
balgarv
5:40 Loom
11:46 Feudal Age
MAVERICK
0:48 Loom
12:57 Feudal Age
rstizza
5:15 Loom
11:52 Feudal Age
Connection lost

Rejoining the realm…

Still unreachable

The connection could not be restored.

Session expired

The server has moved on; the page needs a fresh start.